 Dungeon Crawl Stone Soup version 0.24-a0-271-ga0fc33f (webtiles) character file.

Game seed: 8222005050699628394

38337 MatthieuS the Thaumaturge (level 13, -11/79 HPs)
             Began as a Deep Elf Air Elementalist on Apr 24, 2019.
             Was a High Priest of Vehumet.
             Mangled by Agnes
             ... wielding a +0 lajatang
              (30 damage)
             ... on level 1 of the Spider Nest.
             The game lasted 01:01:23 (22415 turns).

MatthieuS the Thaumaturge (DEAE)                   Turns: 22415, Time: 01:01:23

Health: -11/79     AC: 12    Str: 10    XL:     13   Next: 63%
Magic:  1/32       EV: 13    Int: 29    God:    Vehumet [*****.]
Gold:   1194       SH:  7    Dex: 15    Spells: 6/39 levels left

rFire    . . .     SeeInvis .   P - +9 staff of Olgreb {rPois}
rCold    . . .     Gourm    .   I - +2 buckler {rN+}
rNeg     + + +     Faith    .   B - +2 robe {rN+}
rPois    ∞         Spirit   .   a - +2 hat {Int+3}
rElec    .         Reflect  .   i - +2 cloak
rCorr    .         Harm     .   k - +0 pair of gloves
MR       +....                  S - +1 pair of boots
Stlth    ++........             H - amulet of regeneration
HPRegen  0.63/turn              b - +5 ring of strength
MPRegen  0.23/turn              w - ring of positive energy

@: no status effects
A: no striking features
a: Renounce Religion


You were on level 1 of the Spider Nest.
You worshipped Vehumet.
Vehumet was extremely pleased with you.
You were not hungry.

You visited 4 branches of the dungeon, and saw 18 of its levels.

You collected 1194 gold pieces.

Inventory:

Hand Weapons
 r - the +8 trident of Rolec {drain, rPois SInv}
   (You found it on level 2 of the Lair of Beasts)

   A truly terrible weapon, it drains the life of those it strikes.
   It protects you from poison.
   It lets you see invisible.
 P - the +9 staff of Olgreb (weapon) {rPois}
   (You found it on level 10 of the Dungeon)

   It protects you from poison.
Missiles
 f - a throwing net (quivered) {!f}
Armour
 a - a +2 hat of intelligence (worn)
   (You took it off Gastronok on level 3 of the Lair of Beasts)
 i - a +2 cloak (worn)
   (You found it on level 1 of the Dungeon)
 k - a +0 pair of gloves (worn)
   (You found it on level 2 of the Dungeon)
 B - a +2 robe of positive energy (worn)
   (You took it off Dowan on level 5 of the Dungeon)
 I - a +2 buckler of positive energy (worn)
   (You found it on level 3 of the Dungeon)
 R - a scarf of repulsion
   (You found it on level 5 of the Lair of Beasts)
 S - a +1 pair of boots (worn)
   (You found it on level 8 of the Dungeon)
Jewellery
 b - a +5 ring of strength (left hand)
   (You found it on level 2 of the Dungeon)
 w - a ring of positive energy (right hand)
   (You found it on level 3 of the Dungeon)
 z - an uncursed ring of see invisible
   (You found it on level 10 of the Dungeon)
 H - an amulet of regeneration (around neck)
   (You found it on level 7 of the Dungeon)
Wands
 c - a wand of disintegration (16)
   (You found it on level 7 of the Dungeon)
 d - a wand of iceblast (6)
   (You took it off Ijyb on level 5 of the Dungeon)
 t - a wand of flame (5)
   (You found it on level 4 of the Lair of Beasts)
 u - a wand of paralysis (12)
   (You found it on level 3 of the Dungeon)
 v - a wand of digging (5)
   (You found it on level 3 of the Lair of Beasts)
 x - a wand of acid (8)
   (You found it on level 2 of the Lair of Beasts)
 K - a wand of clouds (2)
   (You found it on level 1 of the Lair of Beasts)
 Q - a wand of enslavement (8)
   (You found it on level 4 of the Lair of Beasts)
Scrolls
 j - 3 scrolls of amnesia
 o - 8 scrolls of remove curse {@r2}
 q - 4 scrolls of enchant weapon
 y - 5 scrolls of fear
 A - 2 scrolls of immolation {!r}
 C - a scroll of vulnerability {!r}
 J - a scroll of holy word
 N - 3 scrolls of teleportation {@r4}
 T - a scroll of identify {@r1}
Potions
 g - 6 potions of resistance
 h - 3 potions of agility
 l - a potion of ambrosia
 m - a potion of invisibility
 n - 3 potions of cancellation
 p - a potion of heal wounds {@q2}
 s - 5 potions of curing {@q1}
 D - 2 potions of mutation {!q}
 E - 2 potions of brilliance
 F - 2 potions of flight
 G - 4 potions of haste {@q3}
 L - 3 potions of might
Comestibles
 e - 30 rations


   Skills:
 + Level 8.7 Fighting
 - Level 2.4 Dodging
 - Level 2.4 Stealth
 - Level 4.0 Shields
 + Level 13.6 Spellcasting
 - Level 10.2 Conjurations
 + Level 6.6 Hexes
 + Level 7.3 Charms
 + Level 9.7 Summonings
 + Level 11.1 Air Magic


You had 6 spell levels left.
You knew the following spells:

 Your Spells              Type           Power        Failure   Level  Hunger
a - Shock                 Conj/Air       ####         1%          1    None
b - Static Discharge      Conj/Air       ######..     1%          3    None
c - Airstrike             Air            ######....   1%          4    None
d - Lightning Bolt        Conj/Air       ######....   1%          5    #......
e - Discord               Hex            ######....   100%        8    #######
r - Deflect Missiles      Chrm/Air       ######....   9%          6    ####...
s - Swiftness             Chrm/Air       ######..     1%          2    None
z - Summon Lightning Spi  Summ/Air       ######..     1%          4    None

Your spell library contained the following spells:

 Spells                   Type           Power        Failure   Level  Hunger
 Freezing Cloud           Conj/Ice/Air   ######....   6%          6    ####...
 Summon Small Mammal      Summ           ####         1%          1    None
 Call Imp                 Summ           ######..     1%          2    None
 Call Canine Familiar     Summ           ######..     1%          3    None
 Summon Guardian Golem    Hex/Summ       ######..     1%          3    None
 Cause Fear               Hex            ######....   1%          4    None
 Silence                  Hex/Air        ######....   1%          5    #......
 Summon Ice Beast         Ice/Summ       #####...     3%          4    None
 Yara's Violent Unravell  Hex/Tmut       #####.....   5%          5    #......


Dungeon Overview and Level Annotations

Branches:
Dungeon (10/15)            Temple (1/1) D:4            Lair (6/6) D:9
 Shoals (0/4) Lair:2       Spider (1/4) Lair:4        Slime (0/5) Lair:6
    Orc: D:9-12

Altars:
Ashenzari
Cheibriados
Dithmenos
Elyvilon
Fedhas
Gozag
Hepliaklqana
Kikubaaqudgha
Makhleb
Nemelex Xobeh
Okawaru
Qazlal
Ru
Sif Muna
Trog
Uskayaw
Vehumet
Wu Jian
Xom
Yredelemnul
Zin
The Shining One
Jiyva

Annotations:
D:7 3 runed translucent doors, RedSky's ghost, novice DsCK; Wombat's ghost, novice DsFi
D:10 1 runed translucent door
Lair:6 1 runed translucent door, exclusion: 2 doors
Spider:1 Agnes


Message History

The bolt of electricity hits Agnes!
Aim: an orb spider (fully charged, clinging)
The air twists around and strikes the orb spider!
Agnes drinks a potion.
Agnes seems to speed up.
Agnes is caught in a web!
Aim: an orb spider (moderately wounded, fully charged, clinging)
The air twists around and strikes the orb spider!
Agnes mutters, "I never trained for this."
Agnes pulls away from the web.
Your lightning spire shoots out a bolt of lightning at Agnes!
The bolt of electricity hits the orb spider!!
The orb spider dies!
Vehumet accepts your kill.
The bolt of electricity hits Agnes!
Aim: Agnes, wielding a +0 lajatang and wearing a +1 robe of positive energy (moderately wounded, fast)
The air twists around and strikes Agnes!
A tarantella comes into view.
Agnes hits your lightning spire with a +0 lajatang.
Aim: Agnes, wielding a +0 lajatang and wearing a +1 robe of positive energy (moderately wounded, fast)
The air twists around and strikes Agnes!
Agnes hits your lightning spire with a +0 lajatang!!
A redback comes into view.
Agnes hits your lightning spire with a +0 lajatang!
Aim: Agnes, wielding a +0 lajatang and wearing a +1 robe of positive energy (heavily wounded, fast)
The air twists around and strikes Agnes!
Agnes hits your lightning spire but does no damage.
Agnes hits your lightning spire with a +0 lajatang!!
Your lightning spire is destroyed!
An electric hum fills the air.
Agnes closely misses you. Agnes hits you with a +0 lajatang!
Agnes is struck by an arc of lightning!
You are struck by an arc of lightning.
Agnes closely misses you. Agnes barely misses you. The tarantella bites you!
Your lightning spire shoots out a bolt of lightning at Agnes!
The bolt of electricity hits Agnes! x2
The bolt of electricity hits your lightning spire.
Your lightning spire completely resists.
The bolt of electricity hits your lightning spire.
Your lightning spire completely resists.
Unknown command.
Agnes is struck by an arc of lightning!
The lightning grounds out.
The tarantella is struck by an arc of lightning.
The lightning grounds out.
Agnes hits you with a +0 lajatang!!
* * * LOW HITPOINT WARNING * * *
The tarantella bites you but does no damage.
Agnes barely misses you.
The redback barely misses your lightning spire.
You block the tarantella's attack.
You hear an angry hiss.
Okay, then.
The redback bites your lightning spire! Agnes hits you with a +0 lajatang!!
You die...

.#.# .? #.
#... # . #.
#.#.#.#..$ #
.^#[#.#.
#.#...#..
##...#.s.#
......#.8##
#.##.si.#
#...#@###
#.#....#≈##
#.#..#...#.##
#...#.#....#
.^#.....#.###
###..#.#....<#
≈.##≈≈##..## #
#≈#≈≈≈≈#
#####≈≈≈


You could see Agnes, a tarantella, a redback and a friendly lightning spire.

Vanquished Creatures
  3 hydras
  6 death yaks
  An unseen horror (D:10)
  A wizard (Lair:6)
  10 elephants (Lair:6)
  3 black mambas
  4 spiny frogs
  2 rime drakes (Lair:6)
  3 komodo dragons
  A troll (D:10)
  3 blink frogs (Lair:6)
  3 hippogriffs
  2 redbacks (Lair:4)
  A spriggan (D:10)
  8 yaks
  2 wyverns
  A hell hound (Lair:6)
  Duvessa (D:5)
  2 soldier ants (D:10)
  7 water moccasins
  3 orc warriors
  3 porcupines (Lair:4)
  2 sky beasts
  A black bear (D:7)
  A necrophage (D:9)
  An ogre (D:7)
  3 wolves
  A phantom (D:5)
  2 ice beasts
  A centaur (D:7)
  6 crocodiles
  13 bullfrogs
  4 scorpions
  Dowan (D:5)
  16 killer bees
  A wight (D:8)
  2 electric eels (Lair:5)
  A howler monkey (D:6)
  3 bullfrog zombies
  2 crimson imps
  A centaur zombie (D:6)
  3 jellies
  5 orc priests
  2 gnoll shamans (D:7)
  2 hounds
  A bullfrog skeleton (D:10)
  A centaur skeleton (D:6)
  An iguana (D:9)
  Ijyb (D:5)
  Terence (D:2)
  6 orc wizards
  7 worker ants
  A killer bee zombie (D:9)
  2 hound skeletons
  A worker ant zombie (D:8)
  12 gnolls
  11 adders
  A shadow imp (D:5)
  An ooze (D:1)
  An adder zombie (D:5)
  2 worms
  An adder skeleton (D:5)
  2 dart slugs
  5 leopard geckos
  48 orcs
  A ball python (D:1)
  6 giant cockroaches
  5 goblins
  5 hobgoblins
  16 jackals
  6 quokkas
  5 bats
  6 frilled lizards
  A jackal skeleton (D:8)
  5 kobolds
  A leopard gecko skeleton (D:6)
  2 leopard gecko zombies
  2 quokka skeletons
  A quokka zombie (D:8)
  7 rats
  2 fungi (D:9)
  2 plants
323 creatures vanquished.

Vanquished Creatures (collateral kills)
  Gastronok (Lair:3)
  A dire elephant (Lair:6)
  A rakshasa (D:10)
  4 hydras
  6 death yaks
  An orb spider (Spider:1)
  9 elephants (Lair:6)
  2 centaur zombies (D:10)
  A black mamba (Lair:6)
  A merfolk siren (Lair:2)
  4 komodo dragons
  4 spiny frogs
  A rime drake (Lair:6)
  A polar bear (Lair:4)
  A queen bee (Lair:1)
  6 blink frogs (Lair:6)
  6 hippogriffs
  A redback (Lair:4)
  17 yaks
  A wyvern (D:10)
  A hungry ghost (D:8)
  A steam dragon (Lair:4)
  7 water moccasins
  5 soldier ants (D:10)
  6 porcupines
  6 orc warriors
  2 ice beasts (D:8)
  A phantom (D:8)
  An ogre (D:10)
  4 wolves
  2 centaurs (D:10)
  7 crocodiles
  8 bullfrogs
  18 killer bees
  7 wights
  A crimson imp (D:10)
  3 hounds
  An orc priest (D:9)
  A jelly (D:9)
  A bullfrog skeleton (D:9)
  2 centaur skeletons
  2 iguanas
  2 orc wizards (D:10)
  3 worker ants
  A killer bee zombie (D:8)
  A hound skeleton (D:10)
  3 adders
  2 adder skeletons
  A leopard gecko (D:10)
  9 orcs
  A bush (Lair:4)
  6 fungi
185 creatures vanquished.

Vanquished Creatures (others)
  2 bushes (Lair:6)
  20 fungi
  6 plants
  2 withered plants (D:7)
30 creatures vanquished.

Grand Total: 538 creatures vanquished

Notes
Turn   | Place    | Note
-------+----------+-------------------------------------------
     0 | D:1      | MatthieuS the Deep Elf Air Elementalist began the quest for
                  | the Orb.
     0 | D:1      | Reached XP level 1. HP: 10/10 MP: 6/6
   353 | D:1      | Reached XP level 2. HP: 15/15 MP: 2/8
  1001 | D:1      | Reached XP level 3. HP: 19/19 MP: 5/10
  1508 | D:2      | Learned a level 2 spell: Swiftness
  1512 | D:2      | Learned a level 3 spell: Static Discharge
  1577 | D:2      | Reached skill level 4 in Spellcasting
  2047 | D:2      | Reached XP level 4. HP: 24/24 MP: 6/12
  2220 | D:2      | Found a shadowy altar of Dithmenos.
  2280 | D:2      | Noticed Terence
  2304 | D:2      | Killed Terence
  2883 | D:2      | Reached XP level 5. HP: 26/28 MP: 10/14
  3507 | D:3      | Reached skill level 1 in Fighting
  3605 | D:3      | Reached skill level 5 in Spellcasting
  4413 | D:3      | Found an opulent altar of Gozag.
  5167 | D:4      | Reached XP level 6. HP: 34/34 MP: 6/15
  5228 | D:4      | Found a staircase to the Ecumenical Temple.
  5241 | Temple   | Entered the Ecumenical Temple
  5261 | Temple   | Became a worshipper of Vehumet
  5875 | D:5      | Entered Level 5 of the Dungeon
  5882 | D:5      | Learned a level 4 spell: Airstrike
  6078 | D:5      | Noticed Ijyb
  6087 | D:5      | Killed Ijyb
  6217 | D:5      | Noticed Dowan
  6219 | D:5      | Reached skill level 1 in Shields
  6232 | D:5      | Killed Dowan
  6478 | D:5      | Noticed Duvessa
  6508 | D:5      | Killed Duvessa
  6508 | D:5      | Reached XP level 7. HP: 35/40 MP: 1/17
  6685 | D:5      | Learned a level 5 spell: Lightning Bolt
  6762 | D:5      | Found an ornate altar of the Wu Jian Council.
  6785 | D:5      | Reached skill level 6 in Spellcasting
  6785 | D:5      | Reached skill level 5 in Air Magic
  7209 | D:5      | Found an opulent altar of Gozag.
  7311 | D:6      | Reached XP level 8. HP: 25/45 MP: 1/19
  7512 | D:6      | Reached skill level 5 in Conjurations
  7553 | D:6      | Reached * piety under Vehumet
  7553 | D:6      | Offered knowledge of Magic Dart by Vehumet.
  7714 | D:6      | Reached skill level 7 in Spellcasting
  8472 | D:6      | Found a glowing golden altar of the Shining One.
  8472 | D:6      | Found an ancient bone altar of Kikubaaqudgha.
  8839 | D:7      | Reached ** piety under Vehumet
  8839 | D:7      | Reached skill level 8 in Spellcasting
  8839 | D:7      | Reached XP level 9. HP: 39/52 MP: 3/23
  8848 | D:7      | Offered knowledge of Sandblast by Vehumet.
  8866 | D:6      | Found a burning altar of Makhleb.
  9459 | D:7      | Found a runed translucent gate.
  9459 | D:7      | Found a runed translucent gate.
  9459 | D:7      | Found a runed translucent gate.
  9462 | D:7      | Noticed RedSky's ghost (novice DsCK)
  9462 | D:7      | Noticed Wombat's ghost (novice DsFi)
  9693 | D:8      | Found a hazy altar of Hepliaklqana.
  9698 | D:8      | Found an ornate altar of the Wu Jian Council.
  9996 | D:8      | Learned a level 4 spell: Summon Lightning Spire
 10088 | D:8      | Reached skill level 1 in Summonings
 10235 | D:8      | Offered knowledge of Conjure Flame by Vehumet.
 10809 | D:9      | Reached *** piety under Vehumet
 10809 | D:9      | Reached skill level 9 in Spellcasting
 11218 | D:9      | Found a staircase to the Lair.
 11264 | D:9      | Offered knowledge of Iskenderun's Mystic Blast by Vehumet.
 11762 | D:10     | Entered Level 10 of the Dungeon
 11766 | D:10     | Reached XP level 10. HP: 46/58 MP: 17/25
 11769 | D:10     | Reached skill level 5 in Fighting
 12001 | Lair:1   | Entered Level 1 of the Lair of Beasts
 12173 | Lair:1   | Reached **** piety under Vehumet
 12178 | Lair:1   | Offered knowledge of Mephitic Cloud by Vehumet.
 13096 | Lair:2   | Reached skill level 10 in Spellcasting
 13367 | Lair:2   | Noticed a spiny frog
 13371 | Lair:2   | Killed a spiny frog
 13487 | Lair:2   | Noticed a death yak
 13489 | Lair:2   | Noticed a death yak
 13490 | Lair:2   | Noticed a death yak
 13494 | Lair:2   | Noticed a death yak
 13495 | Lair:2   | Noticed a death yak
 13500 | Lair:2   | Killed a death yak
 13502 | Lair:2   | Killed a death yak
 13502 | Lair:2   | Reached skill level 5 in Summonings
 13519 | Lair:2   | Killed a death yak
 13520 | Lair:2   | Killed a death yak
 13520 | Lair:2   | Reached XP level 11. HP: 20/64 MP: 0/27
 13525 | Lair:2   | Killed a death yak
 13882 | Lair:2   | Found a staircase to the Shoals.
 14046 | Lair:2   | Got an iridescent trident
 14065 | Lair:2   | Identified the +8 trident of Rolec {drain, rPois SInv} (You
                  | found it on level 2 of the Lair of Beasts)
 14412 | Lair:3   | Reached skill level 11 in Spellcasting
 14695 | Lair:3   | Noticed an eight-headed hydra
 14699 | Lair:3   | Noticed a six-headed hydra
 14706 | Lair:3   | Killed an eight-headed hydra
 14707 | Lair:3   | Killed a six-headed hydra
 14804 | Lair:3   | Noticed Gastronok
 14814 | Lair:3   | Killed Gastronok
 14953 | Lair:3   | You fall through a shaft for 3 floors!
 14953 | Lair:6   | Entered Level 6 of the Lair of Beasts
 15153 | Lair:4   | Noticed a seven-headed hydra
 15155 | Lair:4   | Noticed a death yak
 15156 | Lair:4   | Noticed a five-headed hydra
 15182 | Lair:3   | Killed a seven-headed hydra
 15593 | Lair:4   | Found a hole to the Spider Nest.
 15832 | Lair:4   | Killed a five-headed hydra
 16059 | Lair:4   | Reached XP level 12. HP: 44/72 MP: 12/29
 16284 | Lair:4   | Reached skill level 12 in Spellcasting
 16367 | Lair:4   | Noticed a death yak
 16369 | Lair:4   | Noticed a death yak
 16376 | Lair:4   | Killed a death yak
 16376 | Lair:4   | Reached skill level 10 in Conjurations
 16376 | Lair:4   | Killed a death yak
 16601 | Lair:4   | Killed a death yak
 16601 | Lair:4   | Reached ***** piety under Vehumet
 16950 | Lair:5   | Offered knowledge of Bolt of Magma by Vehumet.
 17027 | Lair:5   | Learned a level 6 spell: Deflect Missiles
 17036 | Lair:5   | Learned a level 8 spell: Discord
 17149 | Lair:5   | Reached skill level 1 in Hexes
 17149 | Lair:5   | Reached skill level 1 in Charms
 17457 | Lair:5   | Reached skill level 10 in Air Magic
 17824 | Lair:6   | Found a runed translucent door.
 17824 | Lair:6   | Found a viscous altar of Jiyva.
 17824 | Lair:6   | Found a staircase to the Slime Pits.
 17824 | Lair:6   | Noticed an azure jelly
 18354 | Lair:6   | Noticed a death yak
 18362 | Lair:6   | Noticed a death yak
 18362 | Lair:6   | Killed a death yak
 18364 | Lair:6   | Noticed a death yak
 18364 | Lair:6   | Noticed a death yak
 18367 | Lair:6   | Killed a death yak
 18419 | Lair:6   | Killed a death yak
 18425 | Lair:6   | Killed a death yak
 18425 | Lair:6   | Reached skill level 13 in Spellcasting
 18425 | Lair:6   | Reached skill level 5 in Charms
 18492 | Lair:6   | Reached XP level 13. HP: 62/78 MP: 13/32
 18833 | Lair:6   | Reached skill level 5 in Hexes
 19499 | Lair:6   | Noticed a dire elephant
 19521 | Lair:6   | Killed a dire elephant
 20948 | D:10     | Found a runed translucent gate.
 20950 | D:10     | Found a runed translucent gate.
 20950 | D:10     | Found a runed translucent gate.
 20958 | D:10     | Found a runed translucent door.
 20999 | D:10     | Found a runed translucent door.
 21001 | D:10     | Found the +9 staff of Olgreb {rPois}
 22005 | D:10     | Offered knowledge of Freezing Cloud by Vehumet.
 22392 | Spider:1 | Entered Level 1 of the Spider Nest
 22402 | Spider:1 | Noticed Agnes
 22415 | Spider:1 | Mangled by Agnes

Levels and vault maps discovered:
D:1:      roderic_crossed_star, layout_basic,
          wander_ebering_terrifying_dragon_lair
D:2:      layout_basic, minivault_27, minmay_misc_feat_roman,
          grunt_dithmenos_smoke_and_mirrors, uniq_terence
D:3:      layout_basic, minmay_crystal_water, kennysheep_nub,
          grunt_gozag_statues
D:4:      minmay_door_path, layout_layer_cave,
          minmay_temple_entry_gardened_gates, first_ration
D:5:      layout_loops_cross, lemuel_crystal_altar, basic_altar, uniq_ijyb,
          uniq_duvessa
D:6:      layout_rooms, amethyst_overflow_temple_binary,
          nicolae_overflow_hidden_temple, kennysheep_generic_room_3
D:7:      layout_basic, gammafunk_ghost_cemetery, hangedman_abyss_or_decor_slice
D:8:      layout_basic, minitemple
D:9:      layout_long_grid, due_lair_maze_entry_diamond, minmay_holes,
          minivault_27
D:10:     hangedman_cross_stitches, layout_loops_corners, special_room
          [special_room_orc], the_bakery, st_stairs_5,
          minmay_guarded_unrand_staff_of_olgreb
Temple:   lightli_temple_of_artemis
Lair:1:   layout_loops_ring, special_room [special_room_bee],
          infiniplex_staircase_pool_2
Lair:2:   layout_hall_layers, elwin_shoals_entry_rooms, grunt_megastairs_2,
          serial_bayou_shore_b
Lair:3:   layout_roguey, uniq_gastronok
Lair:4:   layout_misc_corridors, spider_nest_entry_a, gauntlet_entry_generic,
          serial_bayou_pond_a, beast_lair_carwin_9
Lair:5:   layout_gridlike
Lair:6:   evil_forest, layout_long_grid, slime_altar_2
Spider:1: layout_spider_delve, uniq_asterion, uniq_agnes

Skill      XL: |  1  2  3  4  5  6  7  8  9 10 11 12 13 |
---------------+----------------------------------------+-----
Conjurations   | 2 3 4 6 7 8 9 10 | 10.2
Spellcasting   | 4 5 6 8 9 10 11 13 | 13.6
Air Magic      | 4 5 6 7 8 9 10 11 | 11.1
Fighting       | 1 2 3 4 6 7 8 |  8.7
Shields        | 1 2 3 4 |  4.0
Summonings     | 3 5 7 8 9 |  9.7
Hexes          | 4 6 |  6.6
Charms         | 5 7 |  7.3
Dodging        | |  2.4
Stealth        | |  2.4

Action                   |  1- 3 |  4- 6 |  7- 9 | 10-12 | 13-15 || total
-------------------------+-------+-------+-------+-------+-------++-------
Melee: Unarmed           |    30 |       |       |       |       ||    30
       Dagger            |       |    11 |    22 |    46 |       ||    79
       Trident           |       |       |       |    40 |    25 ||    65
 Cast: Shock             |    85 |   152 |   297 |   301 |   289 ||  1124
       Static Discharge  |       |     8 |    42 |    64 |     6 ||   120
       Airstrike         |       |     1 |     8 |    16 |    37 ||    62
       Swiftness         |       |     1 |       |     1 |       ||     2
       Summon Lightning  |       |       |    22 |    72 |    53 ||   147
       Lightning Bolt    |       |       |       |     8 |     3 ||    11
Evoke: Wand              |       |     1 |       |    13 |     1 ||    15
       Staff of Olgreb   |       |       |       |       |     2 ||     2
  Use: Scroll            |       |     6 |     9 |    14 |     2 ||    31
       Potion            |       |     4 |     3 |     3 |     1 ||    11
 Stab: Distracted        |       |       |       |     5 |     2 ||     7
  Eat: Chunk             |     3 |     7 |    10 |     8 |     9 ||    37
       Ration            |       |     2 |     3 |     3 |     1 ||     9
Armor: Robe              |    17 |     7 |    27 |    60 |    50 ||   161
Dodge: Dodged            |    54 |    27 |    75 |   105 |    72 ||   333
Block: Buckler           |       |     4 |    44 |    60 |    50 ||   158

Table legend:
 A = Non-vault XP
 B = Vault XP
 C = Vault XP percentage of total XP
 D = Non-vault monster count
 E = Vault monster count
 F = Vault count percentage of total count
                 A         B        C        D         E       F
            +---------+---------+-------+---------+---------+-------
      Total |   39228 |   15540 |  28.4 |     378 |     119 |  23.9
            +---------+---------+-------+---------+---------+-------
        D:1 |      50 |       1 |   2.0 |      27 |       1 |   3.6
        D:2 |     165 |      36 |  17.9 |      22 |       1 |   4.3
        D:3 |      70 |       0 |   0.0 |      21 |       0 |   0.0
        D:4 |      87 |       0 |   0.0 |       8 |       0 |   0.0
        D:5 |     524 |     252 |  32.5 |      22 |       3 |  12.0
        D:6 |    1096 |      79 |   6.7 |      30 |       2 |   6.2
        D:7 |    1140 |       0 |   0.0 |      30 |       0 |   0.0
        D:8 |     564 |       0 |   0.0 |      18 |       0 |   0.0
        D:9 |     784 |     663 |  45.8 |      28 |      10 |  26.3
       D:10 |    4421 |    2596 |  37.0 |      42 |      47 |  52.8
     Lair:1 |     584 |    1384 |  70.3 |       6 |      26 |  81.2
     Lair:2 |    4804 |     770 |  13.8 |      17 |       4 |  19.0
     Lair:3 |    4277 |    1489 |  25.8 |      20 |       1 |   4.8
     Lair:4 |    2427 |    2985 |  55.2 |      15 |       9 |  37.5
     Lair:5 |    3036 |       0 |   0.0 |      20 |       0 |   0.0
     Lair:6 |   14664 |    5285 |  26.5 |      51 |      15 |  22.7
   Spider:1 |     535 |       0 |   0.0 |       1 |       0 |   0.0
            +---------+---------+-------+---------+---------+-------
